 Dungeon Crawl Stone Soup version 0.32-a0-768-g0f6f1dd4b9 (webtiles) character file.

Game seed: 10185163520533648138

161 Shayle the Trooper (level 5, -6/41 HPs)
             Began as a Coglin Alchemist on Mar 15, 2024.
             Mangled by a gnoll
             ... wielding a +0 halberd
              (15 damage)
             ... on level 3 of the Dungeon on Mar 18, 2024.
             The game lasted 00:10:18 (2990 turns).

Shayle the Trooper (Coglin Alchemist)               Turns: 2990, Time: 00:10:19

Health: -6/41      AC:  3    Str:  8    XL:     5   Next: 42%
Magic:  7/7        EV: -4    Int: 16    God:
Gold:   75         SH:  0    Dex: 15    Spells: 6/7 levels left

rFire   . . .        h - +0 hand axe {Ermengarde}
rCold   . . .        m - +1 rapier {Edmée}
rNeg    . . .        a - +0 robe
rPois   .            (no helmet)
rElec   .            o - +0 cloak
rCorr   .            (no gloves)
SInv    .            (no boots)
Will    .....        (amulet unavailable)
Stlth   ++           (ring unavailable)
HPRegen 0.26/turn    (ring unavailable)
MPRegen 0.10/turn    (no gizmo)

%: no passive effects
@: held, constricted, invisible
A: off-hand wielding, slow wielding, warmup strikes, no jewellery
a: Invent Gizmo


You were on level 3 of the Dungeon.
You visited 1 branch of the dungeon, and saw 3 of its levels.

You collected 195 gold pieces.
You spent 120 gold pieces at shops.

Inventory:

Hand Weapons
 c - a +0 dagger {Goro}
 d - a +0 short sword {Juan}
 h - a +0 hand axe (weapon) {Ermengarde}
 m - a +1 rapier (offhand) {Edmée}
Armour
 a - a +0 robe (worn)
 o - a +0 cloak (worn)
Scrolls
 f - a scroll of noise
 j - a scroll of teleportation
 k - 2 scrolls of amnesia
 n - a scroll of enchant weapon
Potions
 b - a potion of magic
 g - a potion of enlightenment
 i - a potion of mutation
 l - a potion of might {unknown}
 q - a potion of curing


   Skills:
 + Level 3.3 Fighting
 + Level 3.0 Ranged Weapons
 - Level 1.7 Dodging
 - Level 1.5 Stealth
 - Level 1.7 Spellcasting
 - Level 0.8 Conjurations
 - Level 3.2 Alchemy


You had 6 spell levels left.
You knew the following spells:

 Your Spells              Type           Power      Damage    Failure   Level
a - Sting                 Conj/Alch      32%        1d5       9%          1

Your spell library contained the following spells:

 Spells                   Type           Power      Damage    Failure   Level
 Mercury Vapours          Alch/Air       12%        N/A       16%         2
 Mephitic Cloud           Conj/Alch/Air  5%         N/A       36%         3
 Olgreb's Toxic Radiance  Alch           11%        N/A       50%         4
 Sticky Flame             Fire/Alch      6%         2d4       71%         4


Dungeon Overview and Level Annotations

Branches:
Dungeon (3/15)

Altars:
Dithmenos
Gozag
Wu Jian

Shops:
D:3 !

Annotations:
D:1 1 runed translucent door


Innate Abilities, Weirdness & Mutations

You can wield a second weapon in your off-hand.
It takes a long time for you to wield or remove held weapons.
Your first few attacks do less damage.
You cannot equip rings or amulets.


Message History

The gnoll throws a throwing net.
The throwing net hits you.
You become entangled in the net!
You see here a throwing net.
You struggle against the net.
You struggle against the net.
The gnoll shouts!
You struggle against the net.
You shred the net and break free! The ball python barely misses you.
The gnoll throws a throwing net.
The throwing net hits you.
You become entangled in the net!
The ball python bites you.
You see here a throwing net.
You struggle against the net.
The ball python bites you. The ball python grabs you.
The ball python constricts you.
You struggle against the net.
The gnoll hits you from afar with a +0 halberd!
The ball python bites you. The ball python constricts you.
You struggle against the net.
The gnoll hits you from afar with a +0 halberd.
The ball python bites you but does no damage.
The ball python constricts you.
You struggle against the net.
The gnoll hits you from afar with a +0 halberd.
The ball python bites you but does no damage.
The ball python constricts you.
Okay, then.
You feel better. The ball python bites you. The ball python constricts you.
The gnoll hits you from afar with a +0 halberd!
* * * LOW HITPOINT WARNING * * *
The ball python bites you but does no damage.
The ball python constricts you.
Unknown command.
As you read the scroll labelled IMAV MIDOXTU, it crumbles to dust.
The creatures around you are filled with an inner flame!
It was a scroll of immolation.
The gnoll hits you but does no damage. The ball python bites you.
* * * LOW HITPOINT WARNING * * *
The ball python constricts you.
You fade into invisibility!
The gnoll hits you from afar with a +0 halberd!
You die...

##.....##.# #...≈.......≈
##...###.# #.#.≈≈≈≈≈≈≈≈≈ .
##### #.# #.#..........
.####.## #.# #.#...#######
.#.[...###(#### #.#.#
..............#######.#.#.#
..............#.......#.#.#
###
##.###........#S#######.#.#
##.. ##.#
#.......gg.@.......#.# #...
.#.# ##.......#.#########.#
#... ...# #....).<#.# #.#
#... ...####....g..#.## #.#
##.. g..)...........#.# ##.
...#######.#.##.# #. ..##
#.....## #. .##
######.....###### #.
...................... #.


You could see 2 gnolls and a ball python (inner flame, unable to see you).

Vanquished Creatures
  A hound (D:3)
  An orc wizard (D:3)
  2 gnolls
  2 adders (D:2)
  A dart slug (D:3)
  2 ribbon worms
  2 orcs (D:3)
  8 bats
  7 endoplasms
  A giant cockroach (D:1)
  5 goblins
  5 hobgoblins
  3 jackals (D:2)
  2 quokkas (D:1)
  8 ball pythons
  3 frilled lizards
  3 kobolds
  5 rats
61 creatures vanquished.

Notes
Turn   | Place    | Note
-------+----------+-------------------------------------------
     0 | D:1      | Shayle the Coglin Alchemist began the quest for the Orb.
     0 | D:1      | Reached XP level 1. HP: 13/13 MP: 3/3
     1 | D:1      | Found a runed translucent door.
   272 | D:1      | Reached skill level 1 in Fighting
   272 | D:1      | Reached XP level 2. HP: 21/21 MP: 1/4
   286 | D:1      | Reached skill level 1 in Ranged Weapons
   573 | D:1      | Reached XP level 3. HP: 26/26 MP: 2/5
  1653 | D:2      | Upgraded the game from 0.32-a0-705-g60f233581c to
                  | 0.32-a0-768-g0f6f1dd4b9
  1802 | D:2      | Reached XP level 4. HP: 19/34 MP: 0/6
  2164 | D:3      | Found an opulent altar of Gozag.
  2256 | D:3      | Found an ornate altar of the Wu Jian Council.
  2283 | D:3      | Found Ruhesohe's Distillery.
  2288 | D:3      | Bought a potion of degeneration for 10 gold pieces
  2288 | D:3      | Bought a potion of invisibility for 80 gold pieces
  2288 | D:3      | Bought a potion of curing for 30 gold pieces
  2331 | D:3      | Found a shadowy altar of Dithmenos.
  2443 | D:3      | Reached XP level 5. HP: 17/41 MP: 7/7
  2990 | D:3      | Mangled by a gnoll

Illustrated notes

Levels and vault maps discovered:
D:1:      dpeg_arrival_caged_fury, layout_basic, minmay_three_crescents
D:2:      layout_loops_cross
D:3:      layout_loops_ring, mainiacjoe_overflow_brackets,
          nicolae_dithmenos_through_a_glass_darkly, nicolae_gozag_seed_capital,
          serial_shops, nicolae_shop_hallway_stairs, lightli_corner_chamber

Skill      XL: |  1  2  3  4  5 |
---------------+----------------+-----
Fighting       | 1 2 3 |  3.3
Ranged Weapons | 1 2 3 |  3.0
Dodging        | |  1.7
Stealth        | |  1.5
Spellcasting   | |  1.7
Conjurations   | |  0.8
Alchemy        | |  3.2

Action                     |  1- 3 |  4- 6 || total
---------------------------+-------+-------++-------
  Melee: Dagger            |    20 |       ||    20
         Short sword       |    24 |       ||    24
         Unarmed           |     1 |       ||     1
         Hand axe          |    24 |    48 ||    72
         Rapier            |    19 |    52 ||    71
   Cast: Sting             |    52 |     7 ||    59
    Use: Scroll            |     6 |     6 ||    12
         Potion            |       |     3 ||     3
   Stab: Sleeping          |       |     4 ||     4
 Armour: Robe              |    45 |    61 ||   106
  Dodge: Dodged            |    36 |    29 ||    65

Table legend: (Time is in decaauts)
 A = Elapsed time spent in this place.
 B = Non-inter-level travel time spent in this place.
 C = Inter-level travel time spent in this place.
 D = Time resting spent in this place.
 E = Time spent auto-exploring this place.
 F = Levels seen in this place.
 G = Mean time per level.
                   A        B        C        D        E       F      G
               +--------+--------+--------+--------+--------+-----+--------+
         Total |   3011 |   2993 |     18 |    601 |   1689 |   3 | 1003.7 |
       Dungeon |   3011 |   2993 |     18 |    601 |   1689 |   3 | 1003.7 |
               +--------+--------+--------+--------+--------+-----+--------+

Top non-repeatable levels by time:
     D:1: 1309 daAuts
     D:2: 977 daAuts
     D:3: 724 daAuts
